 Dungeon Crawl Stone Soup version 0.31.0-1-g2c135a008e (webtiles) character file.

Game seed: 10940847835767073615

29350 qw the Skirmisher (level 13, -3/96 HPs)
             Began as a Djinni Hunter on Jan 24, 2024.
             Was a High Priest of Okawaru.
             Slain by an elephant (12 damage)
             ... on level 4 of the Lair of Beasts.
             The game lasted 00:02:14 (15836 turns).

qw the Skirmisher (Djinni Hunter)                  Turns: 15836, Time: 00:02:14

Health: -3/96      AC: 12    Str: 20    XL:     13   Next: 80%
Gold:   737        EV: 24    Int: 10    God:    Okawaru [*****.] SH:  5 Dex: 28

rFire   + . .        s - +0 orcbow
rCold   x . .        (shield currently unavailable)
rNeg    . . .        u - +2 leather armour of the Garden {rF- Dex+4}
rPois   inf          d - +2 helmet
rElec   .            f - +0 cloak
rCorr   .            c - +2 pair of gloves
SInv    +            (boots unavailable)
Will    +....        r - amulet of reflection
Stlth   ++           x - ring "Acarr" {*Slow Fly Str+6 Dex+3 SInv}
HPRegen 0.36/turn    j - +4 ring of slaying {mikee}
MPRegen 0.00/turn

%: slow self (1%), reflection, infuse magic (-4 HP)
@: about to teleport, flying
A: sickness immunity, fire resistance 2, cold vulnerability 1, float, innate
caster, HP casting, extra vitality 1, strong 1, wild magic 1
a: Renounce Religion, Heroism, Finesse, Duel


You were on level 4 of the Lair of Beasts.
You worshipped Okawaru.
Okawaru was extremely pleased with you.
You visited 2 branches of the dungeon, and saw 15 of its levels.
You also visited: Sewer.

You collected 1181 gold pieces.
You spent 444 gold pieces at shops.


Innate Abilities, Weirdness & Mutations

You are immune to sickness and miasma.
You are immune to poison.
Your flesh is very heat resistant. (rF++)
You are vulnerable to cold. (rC-)
You float through the air rather than walking.
You learn spells naturally, not from books.
Your magical power is your life essence.
You have superior vitality. (+4 MHP)
Your muscles are strong. (Str +4, Int/Dex -1)
Your spells are a little harder to cast, but a little more powerful.


   Skills:
 - Level 10.0 Fighting
 - Level 12.3 Ranged Weapons
 - Level 3.2 Armour
 + Level 11.9 Dodging
 - Level 0.7 Stealth
 - Level 10.1 Invocations


You knew the following spells:

 Your Spells              Type           Power      Damage    Failure   Level
a - Apportation           Tloc           0%         N/A       50%         1
b - Jinxbite              Hex            0%         N/A       63%         2
c - Momentum Strike       Conj/Tloc      0%         3d8       63%         2
d - Stone Arrow           Conj/Erth      0%         3d7       85%         3
e - Flame Wave            Conj/Fire      0%         2d4       99%         4
f - Yara's Violent Unrav  Hex/Alch       0%         3d3       100%        5
Your spell library was empty.

Inventory:

Hand Weapons
 s - a +0 orcbow (weapon)
Armour
 c - a +2 pair of gloves (worn)
 d - a +2 helmet (worn)
 f - a +0 cloak (worn)
 q - a +2 hat of see invisible
 t - a +0 troll leather armour
 u - the +2 leather armour of the Garden (worn) {rF- Dex+4}
   (You found it on level 8 of the Dungeon)

   Dex+4:     It affects your dexterity (+4).
   rF-:       It makes you vulnerable to fire.
Jewellery
 j - a +4 ring of slaying (right hand) {mikee}
 r - an amulet of reflection (around neck)
 x - the ring "Acarr" (left hand) {*Slow Fly Str+6 Dex+3 SInv}
   (You found it on level 3 of the Lair of Beasts)

   [ring of strength]

   Str+6:     It affects your strength (+6).
   Dex+3:     It affects your dexterity (+3).
   SInv:      It lets you see invisible.
   Fly:       It grants you flight.
   *Slow:     It may slow you when you take damage.
Wands
 b - a wand of polymorph (10)
 l - a wand of digging (14)
 n - a wand of quicksilver (8)
 w - a wand of mindburst (1)
Scrolls
 h - a scroll of identify
 k - 2 scrolls of teleportation
Potions
 a - 2 potions of haste
 e - a potion of might
 i - 3 potions of cancellation
 m - 3 potions of resistance
 o - 2 potions of curing
 p - 4 potions of enlightenment

Dungeon Overview and Level Annotations

Branches:
Dungeon (11/15)            Temple (0/1) D:5            Lair (4/5) D:11
  Swamp (0/4) Lair:2       Spider (0/4) Lair:2        Slime (0/5) Lair:4
    Orc (0/2) D:9           Sewer (visited)

Altars:
Gozag
Hepliaklqana
Nemelex Xobeh
Okawaru
Trog
Uskayaw
Xom
The Shining One
Jiyva

Shops:
D:4 *   D:7 ?   D:11 :

Annotations:
D:3 3 runed translucent doors, qw's ghost, amateur DjHu
D:4 2 runed translucent doors, qw's ghost, amateur DjHu
D:5 1 runed translucent door, qw's ghost, amateur DjHu
D:9 exclusion: obsidian statue
D:11 2 transporters
Lair:1 exclusion: 2 oklob plants
Lair:2 exclusion: 3 meliai
Lair:3 3 runed translucent doors, qw's ghost, journeyman DjHu


Message History

The elephant tramples you.
You hold your ground!
The elephant barely misses you.
You shoot an arrow. The arrow hits the elephant.
The elephant is moderately wounded.
The elephant closely misses you. x2
You shoot an arrow. The arrow hits the elephant.
The elephant is heavily wounded.
The elephant completely misses you. The elephant misses you. x2
The elephant closely misses you.
You shoot an arrow.
The arrow hits the elephant but does no damage.
The elephant is heavily wounded.
The elephant closely misses you. The elephant completely misses you.
The elephant barely misses you. The elephant closely misses you.
You shoot an arrow. The arrow barely misses the elephant.
The elephant tramples you!
You hold your ground!
The elephant trunk-slaps you but does no damage.
15833 ||| READING 3 scrolls of teleportation.
As you read the scroll of teleportation, it crumbles to dust.
You feel strangely unstable. The elephant closely misses you.
The elephant barely misses you.
The elephant misses you. x2; The elephant tramples you!
You hold your ground!
The elephant completely misses you.
You shoot an arrow. The arrow hits the elephant!!
The elephant is severely wounded.
The elephant completely misses you. The elephant misses you. x2
The elephant trunk-slaps you but does no damage.
The elephant completely misses you. x2; You block the elephant's attack.
The elephant misses you.
You shoot an arrow. The arrow hits the elephant!
The elephant is almost dead.
The elephant barely misses you. The elephant misses you. x2
You block the elephant's attack.
You shoot an arrow.
The arrow hits the elephant but does no damage.
The elephant is almost dead.
The elephant completely misses you. The elephant misses you.
You block the elephant's attack.
The elephant trunk-slaps you but does no damage.
The elephant misses you. x2; The elephant tramples you!
You die...

. ... .....####
P.....Y@# ......YYY#
.......%.# .......S..
................
#................
..##.........%.......
.......................
#......................


You could see 4 elephants and a water moccasin.

Vanquished Creatures
  Fannar (Lair:2)
  A hydra (Lair:3)
  2 two-headed ogres
  A skyshark (Lair:2)
  2 spriggan druids (Lair:2)
  An ugly thing (D:7)
  A manticore (D:7)
  An ice statue (D:10)
  A meliai (Lair:2)
  3 elephants (Lair:4)
  4 black mambas
  Joseph (D:7)
  11 cane toads
  2 unseen horrors
  6 komodo dragons
  4 rime drakes
  A queen bee (D:11)
  3 trolls
  A hornet (Lair:2)
  Grinder (D:3)
  8 blink frogs (Lair:3)
  Sigmund (D:3)
  A spriggan (Lair:3)
  2 shadows
  21 yaks
  A wraith (D:11)
  3 wyverns
  A basilisk (Lair:2)
  2 steam dragons
  2 acid dragons
  9 water moccasins
  Pargi (Sewer)
  Duvessa (D:5)
  3 black bears
  An ice beast (D:5)
  7 orc warriors
  An ogre (D:6)
  14 wolves
  2 centaurs (D:11)
  3 kobold brigands
  A brain worm (Sewer)
  Blork the orc (D:5)
  7 bullfrogs
  3 scorpions
  9 wights (D:8)
  Dowan (D:5)
  22 killer bees
  2 howler monkeys
  3 jellies
  A bombardier beetle (D:4)
  4 hounds
  9 orc priests
  A gnoll bouda (Lair:1)
  2 sleepcaps
  Ijyb (D:3)
  3 iguanas
  17 orc wizards
  6 hell rats (Lair:3)
  Robin (D:4)
  8 adders
  A shadow imp (D:7)
  4 ufetubi (D:6)
  A ribbon worm (D:6)
  3 dart slugs (D:2)
  71 orcs
  7 ball pythons
  5 endoplasms
  4 giant cockroaches
  19 goblins
  7 hobgoblins
  4 quokkas
  7 bats
  5 frilled lizards
  27 kobolds
  4 rats
403 creatures vanquished.

Vanquished Creatures (others)
  5 dream sheep (D:6)
  An orc wizard (D:8)
6 creatures vanquished.

Grand Total: 409 creatures vanquished

Notes
Turn   | Place    | Note
-------+----------+-------------------------------------------
     0 | D:1      | qw the Djinni Hunter began the quest for the Orb.
     0 | D:1      | Reached XP level 1. HP: 18/18 MP: 0/0
     0 | D:1      | 0 ||| qw: Version: 0.3-a-136-gdd3b4e8
     0 | D:1      | 0 ||| qw: Game counter: 1424
     0 | D:1      | 0 ||| qw: Melee chars always use a shield: true
     0 | D:1      | 0 ||| qw: God list: Okawaru
     0 | D:1      | 0 ||| qw: Allow faded altars: false
     0 | D:1      | 0 ||| qw: Do Orc after clearing Dungeon:15 true
     0 | D:1      | 0 ||| qw: Do second Lair branch before Depths: true
     0 | D:1      | 0 ||| qw: Lair rune preference: random
     0 | D:1      | 0 ||| qw: Goals: Normal
     0 | D:1      | 0 ||| PLANNING D:1-11
   206 | D:1      | Reached XP level 2. HP: 23/23 MP: 0/0
   554 | D:1      | 554 ||| UPGRADING to +0 ring mail.
   564 | D:1      | 564 ||| DROPPING +0 leather armour.
   565 | D:1      | 565 ||| UPGRADING to ring of resist corrosion.
   566 | D:1      | 566 ||| READING scroll labelled JYUSUYWAEWO.
   567 | D:1      | 567 ||| READING scroll labelled JOUJY OLEESHRY.
   668 | D:1      | 668 ||| READING scroll labelled XUFAVUAPUD.
   668 | D:1      | 668 ||| IDENTIFYING grey potion
   669 | D:1      | 669 ||| READING scroll labelled SUTWUFY ERAH.
   670 | D:1      | 670 ||| DROPPING scroll of butterflies.
   671 | D:1      | 671 ||| DROPPING potion of degeneration.
   731 | D:2      | Reached XP level 3. HP: 28/28 MP: 0/0
   731 | D:2      | Learned a level 1 spell: Apportation
   732 | D:2      | Reached skill level 4 in Ranged Weapons
   811 | D:2      | Noticed a scorpion
   816 | D:2      | Killed a scorpion
   817 | D:2      | Reached XP level 4. HP: 25/33 MP: 0/0
  1120 | D:2      | Reached XP level 5. HP: 38/38 MP: 0/0
  1120 | D:2      | Learned a level 2 spell: Jinxbite
  1296 | D:2      | Found an iron altar of Okawaru.
  1297 | D:2      | 1297 ||| PLANNING OKAWARU WORSHIP
  1297 | D:2      | 1297 ||| UPGRADING to +0 pair of gloves.
  1302 | D:2      | 1302 ||| READING 2 scrolls of identify.
  1302 | D:2      | 1302 ||| IDENTIFYING orange potion
  1303 | D:2      | 1303 ||| READING scroll of identify.
  1303 | D:2      | 1303 ||| IDENTIFYING dark potion
  1304 | D:2      | 1304 ||| READING scroll labelled DYMIOM HIVYRU.
  1305 | D:2      | 1305 ||| READING scroll labelled OTOIFA ENWO.
  1305 | D:2      | 1305 ||| BRANDING +0 shortbow.
  1306 | D:2      | 1306 ||| READING scroll labelled PUELOT ERONTUE.
  1313 | D:2      | Became a worshipper of Warmaster Okawaru
  1314 | D:2      | 1314 ||| PLANNING D:1-11
  1559 | D:2      | 1559 ||| READING scroll labelled DAROMO WAFI.
  1559 | D:2      | 1559 ||| ENCHANTING +0 pair of gloves.
  1560 | D:2      | 1560 ||| READING scroll labelled GIOXKOR QABUA.
  1561 | D:2      | 1561 ||| DRINKING 2 silvery potions.
  1623 | D:3      | Reached skill level 3 in Fighting
  1731 | D:3      | Found a faded altar of an unknown god.
  1784 | D:3      | Noticed Ijyb
  1786 | D:3      | 1786 ||| FLEEEEING.
  1787 | D:3      | 1787 ||| FLEEEEING.
  1797 | D:3      | Killed Ijyb
  1798 | D:3      | Reached XP level 6. HP: 42/46 MP: 0/0
  1824 | D:3      | 1824 ||| READING scroll of enchant armour.
  1824 | D:3      | 1824 ||| ENCHANTING +1 pair of gloves.
  1889 | D:3      | Noticed Sigmund
  1890 | D:3      | 1890 ||| DRINKING potion of haste.
  1898 | D:3      | Killed Sigmund
  1899 | D:3      | Reached skill level 5 in Ranged Weapons
  1929 | D:3      | Found a bloodstained altar of Trog.
  1963 | D:3      | Reached XP level 7. HP: 50/50 MP: 0/0
  1963 | D:3      | Learned a level 2 spell: Momentum Strike
  1968 | D:3      | Noticed Grinder
  1969 | D:3      | 1969 ||| ZAPPING wand of flame (14) at 6,-2 (Grinder;
                  | floor).
  1970 | D:3      | 1970 ||| ZAPPING wand of flame (13) at 5,-1 (Grinder;
                  | floor).
  1971 | D:3      | 1971 ||| ZAPPING wand of flame (12) at 4,-1 (Grinder;
                  | floor).
  1972 | D:3      | 1972 ||| ZAPPING wand of flame (11) at 4,-1 (Grinder;
                  | floor).
  1972 | D:3      | Paralysed by Grinder for 2 turns
  1974 | D:3      | 1974 ||| ZAPPING wand of flame (10) at 3,0 (Grinder;
                  | floor).
  1975 | D:3      | 1975 ||| ZAPPING wand of flame (9) at 2,0 (Grinder; floor).
  1976 | D:3      | 1976 ||| ZAPPING wand of flame (8) at 1,0 (Grinder; floor).
  1977 | D:3      | 1977 ||| ZAPPING wand of flame (7) at 1,0 (Grinder; floor).
  1978 | D:3      | 1978 ||| ZAPPING wand of flame (6) at 1,0 (Grinder; floor).
  1979 | D:3      | 1979 ||| ZAPPING wand of flame (5) at 1,0 (Grinder; floor).
  1980 | D:3      | 1980 ||| ZAPPING wand of flame (4) at 1,0 (Grinder; floor).
  1981 | D:3      | 1981 ||| ZAPPING wand of flame (3) at 1,0 (Grinder; floor).
  1982 | D:3      | 1982 ||| ZAPPING wand of flame (2) at 1,0 (Grinder; floor).
  1983 | D:3      | 1983 ||| ZAPPING wand of flame (1) at 1,0 (Grinder; floor).
  1983 | D:3      | Killed Grinder
  1983 | D:3      | Reached * piety under Okawaru
  2209 | D:3      | Found a runed translucent gate.
  2209 | D:3      | Found a runed translucent gate.
  2209 | D:3      | Found a runed translucent gate.
  2210 | D:3      | Noticed qw's ghost (amateur DjHu)
  2222 | D:3      | 2222 ||| UPGRADING to +2 robe of positive energy.
  2232 | D:3      | 2232 ||| DROPPING +0 ring mail.
  2233 | D:3      | 2233 ||| READING scroll of identify.
  2233 | D:3      | 2233 ||| IDENTIFYING brown potion
  2234 | D:3      | 2234 ||| READING scroll labelled LUSAOF PUT.
  2235 | D:3      | 2235 ||| READING scroll labelled GYLENAL RATARU.
  2414 | D:4      | 2414 ||| DRINKING 2 potions of curing.
  2414 | D:4      | 2414 ||| (to cure confusion)
  2427 | D:4      | 2427 ||| DRINKING potion of curing.
  2427 | D:4      | 2427 ||| (to cure confusion)
  2442 | D:4      | HP: 10/50 [something (3)]
  2451 | D:4      | 2451 ||| DRINKING potion of heal wounds.
  2459 | D:4      | Reached skill level 1 in Invocations
  2501 | D:4      | Noticed Robin
  2515 | D:4      | Killed Robin
  2656 | D:4      | Reached XP level 8. HP: 58/58 MP: 0/0
  2670 | D:4      | Found Atetoyl Maiss's Assorted Antiques.
  2679 | D:4      | 2679 ||| BUYING murky grey potion (21 gold).
  2679 | D:4      | Bought a murky grey potion for 21 gold pieces
  2679 | D:4      | 2679 ||| BUYING ruby potion (21 gold).
  2679 | D:4      | Bought a ruby potion for 21 gold pieces
  2679 | D:4      | 2679 ||| SHOPLISTING scroll of enchant armour (180 gold,
                  | have 150).
  2679 | D:4      | 2679 ||| BUYING scroll of teleportation (72 gold).
  2679 | D:4      | Bought a scroll of teleportation for 72 gold pieces
  2706 | D:4      | Found a runed translucent door.
  2707 | D:4      | Noticed qw's ghost (amateur DjHu)
  2769 | D:4      | Found a runed translucent door.
  2807 | D:4      | Found a hide-covered altar of Uskayaw.
  3197 | D:4      | 3197 ||| UPGRADING to +0 helmet.
  3202 | D:4      | 3202 ||| READING scroll of enchant armour.
  3202 | D:4      | 3202 ||| ENCHANTING +0 helmet.
  3203 | D:4      | 3203 ||| READING 2 scrolls of identify.
  3203 | D:4      | 3203 ||| IDENTIFYING murky grey potion
  3204 | D:4      | 3204 ||| READING scroll of identify.
  3204 | D:4      | 3204 ||| IDENTIFYING ruby potion
  3205 | D:4      | 3205 ||| DROPPING potion of ambrosia.
  3206 | D:4      | 3206 ||| DROPPING potion of invisibility.
  3231 | D:5      | Entered Level 5 of the Dungeon
  3279 | D:5      | Reached skill level 3 in Invocations
  3466 | D:5      | Found a runed translucent door.
  3559 | D:5      | Reached skill level 6 in Ranged Weapons
  3636 | D:5      | Noticed Dowan
  3638 | D:5      | Noticed Duvessa
  3658 | D:5      | Killed Dowan
  3659 | D:5      | 3659 ||| INVOKING Heroism.
  3666 | D:5      | HP: 14/58 [Duvessa/+0 short sword (2)]
  3667 | D:5      | 3667 ||| READING 4 scrolls of teleportation.
  3670 | D:5      | Found a staircase to the Ecumenical Temple.
  4030 | D:5      | 4030 ||| INVOKING Heroism.
  4046 | D:5      | Killed Duvessa
  4120 | D:5      | Noticed Blork the orc
  4130 | D:5      | Killed Blork the orc
  4261 | D:5      | Noticed qw's ghost (amateur DjHu)
  4263 | D:5      | 4263 ||| READING scroll of identify.
  4263 | D:5      | 4263 ||| IDENTIFYING smoky inky potion
  4264 | D:5      | 4264 ||| READING scroll labelled QARAOLUJAS.
  4264 | D:5      | Identified a scroll of acquirement
  4264 | D:5      | 4264 ||| ACQUIRING 346 gold pieces
  4264 | D:5      | Acquired 346 gold pieces
  4266 | D:5      | 4266 ||| DRINKING 2 coppery potions.
  4318 | D:5      | 4318 ||| DROPPING potion of lignification.
  4348 | D:6      | 4348 ||| PLANNING SEWER
  4426 | D:6      | Noticed a dream sheep
  4426 | D:6      | Noticed a dream sheep
  4426 | D:6      | Noticed a dream sheep
  4426 | D:6      | Noticed a dream sheep
  4426 | D:6      | Noticed a dream sheep
  4426 | D:6      | Found a shimmering altar of Xom.
  4427 | D:6      | Killed a dream sheep
  4427 | D:6      | Killed a dream sheep
  4427 | D:6      | Killed a dream sheep
  4427 | D:6      | Killed a dream sheep
  4427 | D:6      | Killed a dream sheep
  4428 | D:6      | Reached XP level 9. HP: 62/62 MP: 0/0
  4428 | D:6      | Learned a level 3 spell: Stone Arrow
  4714 | D:6      | Reached ** piety under Okawaru
  4719 | D:6      | Reached skill level 7 in Ranged Weapons
  4877 | D:6      | Found a glowing drain.
  4880 | D:6      | 4880 ||| DROPPING +1 pair of gloves.
  4881 | D:6      | 4881 ||| DROPPING wand of flame (10).
  4900 | Sewer    | Entered a sewer
  4972 | Sewer    | Noticed Pargi
  4987 | Sewer    | Killed Pargi
  5124 | Sewer    | 5124 ||| READING scroll labelled MODUNOMUUT.
  5125 | Sewer    | 5125 ||| READING 2 scrolls labelled QEIBEX ANU QAO.
  5126 | Sewer    | 5126 ||| DROPPING scroll of blinking.
  5145 | D:6      | 5145 ||| PLANNING D:1-11
  5355 | D:6      | Reached skill level 6 in Dodging
  5737 | D:7      | Found Emin's Magic Scroll Boutique.
  5745 | D:7      | 5745 ||| BUYING scroll of enchant armour (90 gold).
  5745 | D:7      | Bought a scroll of enchant armour for 90 gold pieces
  5745 | D:7      | 5745 ||| BUYING scroll of enchant armour (90 gold).
  5745 | D:7      | Bought a scroll of enchant armour for 90 gold pieces
  5745 | D:7      | 5745 ||| BUYING scroll of enchant weapon (90 gold).
  5745 | D:7      | Bought a scroll of enchant weapon for 90 gold pieces
  5745 | D:7      | 5745 ||| BUYING scroll of identify (24 gold).
  5745 | D:7      | Bought a scroll of identify for 24 gold pieces
  5745 | D:7      | 5745 ||| BUYING scroll of teleportation (36 gold).
  5745 | D:7      | Bought a scroll of teleportation for 36 gold pieces
  5745 | D:7      | 5745 ||| READING 2 scrolls of enchant armour.
  5745 | D:7      | 5745 ||| ENCHANTING +1 helmet.
  5746 | D:7      | 5746 ||| READING scroll of enchant weapon.
  5746 | D:7      | 5746 ||| ENCHANTING +0 shortbow of draining.
  5870 | D:7      | Noticed Joseph
  5871 | D:7      | 5871 ||| INVOKING Heroism.
  5876 | D:7      | 5876 ||| DRINKING potion of curing.
  5876 | D:7      | 5876 ||| (to cure confusion)
  5881 | D:7      | Killed Joseph
  5881 | D:7      | Reached *** piety under Okawaru
  5882 | D:7      | Reached skill level 8 in Ranged Weapons
  5941 | D:7      | Found a glowing golden altar of the Shining One.
  5983 | D:7      | Reached skill level 6 in Fighting
  5983 | D:7      | Reached XP level 10. HP: 67/72 MP: 0/0
  6043 | D:7      | 6043 ||| RETREEEEATING.
  6044 | D:7      | 6044 ||| RETREEEEATING.
  6046 | D:7      | 6046 ||| RETREEEEATING.
  6050 | D:7      | 6050 ||| RETREEEEATING.
  6067 | D:7      | Reached skill level 9 in Ranged Weapons
  6263 | D:7      | Noticed a purple ugly thing
  6265 | D:7      | 6265 ||| INVOKING Heroism.
  6286 | D:7      | Killed a purple ugly thing
  6331 | D:7      | Noticed a manticore
  6332 | D:7      | 6332 ||| INVOKING Heroism.
  6345 | D:7      | Killed a manticore
  6461 | D:7      | Found a hazy altar of Hepliaklqana.
  6555 | D:7      | 6555 ||| UPGRADING to +0 cloak.
  6560 | D:7      | 6560 ||| UPGRADING to +1 hat of see invisible.
  6570 | D:7      | 6570 ||| READING scroll of enchant armour.
  6570 | D:7      | 6570 ||| ENCHANTING +1 hat of see invisible.
  6571 | D:7      | 6571 ||| UPGRADING to +4 ring of slaying {mikee}.
  6572 | D:7      | 6572 ||| READING 3 scrolls of identify.
  6572 | D:7      | 6572 ||| IDENTIFYING amethyst potion
  6610 | D:8      | 6610 ||| STAIRDANCE
  6615 | D:8      | 6615 ||| STAIRDANCE
  6619 | D:7      | 6619 ||| INVOKING Heroism.
  6900 | D:8      | Found an opulent altar of Gozag.
  6919 | D:8      | Reached **** piety under Okawaru
  7443 | D:8      | Reached XP level 11. HP: 79/79 MP: 0/0
  7443 | D:8      | Learned a level 4 spell: Flame Wave
  7446 | D:8      | Identified the +2 leather armour of the Garden {rF- Dex+4}
  7556 | D:8      | 7556 ||| DROPPING +1 hat.
  7557 | D:8      | 7557 ||| UPGRADING to +0 troll leather armour.
  7567 | D:8      | 7567 ||| DROPPING +2 robe of positive energy.
  7568 | D:8      | 7568 ||| UPGRADING to +2 leather armour of the Garden {rF-
                  | Dex+4}.
  7578 | D:8      | 7578 ||| UPGRADING to amulet of reflection.
  7583 | D:8      | 7583 ||| READING 2 scrolls of identify.
  7583 | D:8      | 7583 ||| IDENTIFYING pink potion
  7584 | D:8      | 7584 ||| READING scroll of identify.
  7584 | D:8      | 7584 ||| IDENTIFYING black potion
  7585 | D:8      | 7585 ||| DROPPING potion of brilliance.
  7603 | D:9      | Noticed an obsidian statue
  7615 | D:9      | 7615 ||| FLEEEEING.
  7616 | D:9      | 7616 ||| FLEEEEING.
  7910 | D:9      | 7910 ||| FLEEEEING.
  7911 | D:9      | 7911 ||| FLEEEEING.
  7912 | D:9      | 7912 ||| FLEEEEING.
  7913 | D:9      | 7913 ||| FLEEEEING.
  7914 | D:9      | 7914 ||| FLEEEEING.
  7957 | D:9      | Noticed a two-headed ogre
  7958 | D:9      | 7958 ||| INVOKING Finesse.
  7966 | D:9      | Killed a two-headed ogre
  7967 | D:9      | Reached skill level 10 in Ranged Weapons
  8077 | D:9      | 8077 ||| SWAPPING to +0 orcbow.
  8078 | D:9      | 8078 ||| DROPPING +1 shortbow of draining.
  8195 | D:9      | Found a staircase to the Orcish Mines.
  8439 | D:9      | 8439 ||| DRINKING 2 white potions.
  8439 | D:9      | Gained mutation: Your movements are slightly less
                  | encumbered by armour. (ER -2) [potion of mutation]
  8439 | D:9      | Gained mutation: You are robust. (+10% HP) [potion of
                  | mutation]
  8459 | D:9      | 8459 ||| DRINKING potion of mutation.
  8459 | D:9      | Lost mutation: Your movements are slightly less encumbered
                  | by armour. (ER -2) [potion of mutation]
  8459 | D:9      | Lost mutation: You are robust. (+10% HP) [potion of
                  | mutation]
  8459 | D:9      | Gained mutation: Your spells are a little harder to cast,
                  | but a little more powerful. [potion of mutation]
  8459 | D:9      | Gained mutation: Your muscles are strong. (Str +4, Int/Dex
                  | -1) [potion of mutation]
  8494 | D:10     | Entered Level 10 of the Dungeon
  8514 | D:10     | Reached skill level 6 in Invocations
  8663 | D:10     | 8663 ||| INVOKING Finesse.
  8944 | D:10     | 8944 ||| FLEEEEING.
  8945 | D:10     | 8945 ||| FLEEEEING.
  8946 | D:10     | 8946 ||| FLEEEEING.
  8947 | D:10     | 8947 ||| FLEEEEING.
  8948 | D:10     | 8948 ||| FLEEEEING.
  8949 | D:10     | 8949 ||| FLEEEEING.
  8950 | D:10     | 8950 ||| FLEEEEING.
  8951 | D:10     | 8951 ||| FLEEEEING.
  8952 | D:10     | 8952 ||| FLEEEEING.
  8953 | D:10     | 8953 ||| FLEEEEING.
  8963 | D:10     | Reached skill level 9 in Dodging
  9335 | D:10     | Found a sparkling altar of Nemelex Xobeh.
  9652 | D:10     | 9652 ||| UPGRADING to +6 ring of strength.
  9654 | D:10     | 9654 ||| DROPPING ring of resist corrosion.
  9714 | D:11     | Reached ***** piety under Okawaru
  9834 | D:11     | Found a staircase to the Lair.
  9969 | D:11     | Found Vorchimuj's Book Boutique.
  9982 | D:11     | Found a transporter.
 10511 | D:11     | 10511 ||| RETREEEEATING.
 10512 | D:11     | 10512 ||| RETREEEEATING.
 10513 | D:11     | 10513 ||| RETREEEEATING.
 10514 | D:11     | 10514 ||| RETREEEEATING.
 10515 | D:11     | 10515 ||| RETREEEEATING.
 10516 | D:11     | 10516 ||| RETREEEEATING.
 10517 | D:11     | 10517 ||| RETREEEEATING.
 10523 | D:11     | 10523 ||| INVOKING Finesse.
 10653 | D:11     | 10653 ||| INVOKING Finesse.
 10698 | D:11     | Noticed a two-headed ogre
 10699 | D:11     | 10699 ||| INVOKING Finesse.
 10706 | D:11     | Killed a two-headed ogre
 10707 | D:11     | Reached XP level 12. HP: 82/86 MP: 0/0
 10722 | D:11     | Found a transporter.
 10837 | D:11     | 10837 ||| PLANNING LAIR
 10837 | D:11     | 10837 ||| DROPPING amulet of regeneration.
 10882 | Lair:1   | Entered Level 1 of the Lair of Beasts
 10977 | Lair:1   | HP: 16/86 [black mamba (11)]
 10978 | Lair:1   | 10978 ||| READING 6 scrolls of teleportation.
 10979 | Lair:1   | 10979 ||| DRINKING potion of heal wounds.
 11171 | Lair:1   | Reached skill level 9 in Invocations
 11234 | Lair:1   | Reached skill level 11 in Ranged Weapons
 11357 | Lair:1   | 11357 ||| RETREEEEATING.
 11823 | Lair:1   | HP: 4/86 [cane toad (19)]
 11824 | Lair:1   | 11824 ||| READING 5 scrolls of teleportation.
 12273 | Lair:1   | 12273 ||| READING 2 scrolls of identify.
 12273 | Lair:1   | 12273 ||| IDENTIFYING murky pink potion
 12274 | Lair:1   | 12274 ||| DROPPING potion of attraction.
 12618 | Lair:2   | 12618 ||| RETREEEEATING.
 12619 | Lair:2   | 12619 ||| RETREEEEATING.
 12620 | Lair:2   | 12620 ||| RETREEEEATING.
 12621 | Lair:2   | 12621 ||| RETREEEEATING.
 12622 | Lair:2   | 12622 ||| RETREEEEATING.
 12623 | Lair:2   | 12623 ||| RETREEEEATING.
 12624 | Lair:2   | 12624 ||| RETREEEEATING.
 12625 | Lair:2   | 12625 ||| RETREEEEATING.
 12626 | Lair:2   | 12626 ||| RETREEEEATING.
 12627 | Lair:2   | 12627 ||| RETREEEEATING.
 12628 | Lair:2   | 12628 ||| INVOKING Finesse.
 12664 | Lair:2   | Received a gift from Okawaru
 12701 | Lair:2   | 12701 ||| FLEEEEING.
 12702 | Lair:2   | 12702 ||| FLEEEEING.
 12710 | Lair:2   | 12710 ||| FLEEEEING.
 12822 | Lair:2   | Noticed a skyshark
 12823 | Lair:2   | 12823 ||| INVOKING Finesse.
 12835 | Lair:2   | Killed a skyshark
 13057 | Lair:2   | Noticed Fannar
 13058 | Lair:2   | 13058 ||| ZAPPING wand of quicksilver (4) at 1,-7 (Fannar;
                  | floor).
 13059 | Lair:2   | 13059 ||| INVOKING Finesse.
 13060 | Lair:2   | 13060 ||| INVOKING Finesse.
 13073 | Lair:2   | Killed Fannar
 13074 | Lair:2   | Reached skill level 9 in Fighting
 13308 | Lair:2   | Found a hole to the Spider Nest.
 13315 | Lair:2   | 13315 ||| FLEEEEING.
 13354 | Lair:2   | 13354 ||| FLEEEEING.
 13404 | Lair:2   | Reached XP level 13. HP: 80/94 MP: 0/0
 13404 | Lair:2   | Learned a level 5 spell: Yara's Violent Unravelling
 14002 | Lair:2   | 14002 ||| FLEEEEING.
 14004 | Lair:2   | 14004 ||| FLEEEEING.
 14005 | Lair:2   | 14005 ||| FLEEEEING.
 14006 | Lair:2   | 14006 ||| FLEEEEING.
 14007 | Lair:2   | 14007 ||| FLEEEEING.
 14008 | Lair:2   | 14008 ||| FLEEEEING.
 14009 | Lair:2   | 14009 ||| FLEEEEING.
 14010 | Lair:2   | 14010 ||| FLEEEEING.
 14011 | Lair:2   | 14011 ||| FLEEEEING.
 14012 | Lair:2   | 14012 ||| FLEEEEING.
 14013 | Lair:2   | 14013 ||| FLEEEEING.
 14107 | Lair:2   | 14107 ||| INVOKING Finesse.
 14307 | Lair:2   | Found a staircase to the Swamp.
 14437 | Lair:2   | 14437 ||| READING 2 scrolls of identify.
 14437 | Lair:2   | 14437 ||| IDENTIFYING scroll labelled MIDAEDGH VUXO
 14438 | Lair:2   | 14438 ||| DROPPING scroll of fear.
 14493 | Lair:3   | 14493 ||| RETREEEEATING.
 14494 | Lair:3   | 14494 ||| RETREEEEATING.
 14495 | Lair:3   | 14495 ||| RETREEEEATING.
 14496 | Lair:3   | 14496 ||| RETREEEEATING.
 14501 | Lair:3   | 14501 ||| RETREEEEATING.
 14502 | Lair:3   | 14502 ||| RETREEEEATING.
 14503 | Lair:3   | 14503 ||| RETREEEEATING.
 14504 | Lair:3   | 14504 ||| RETREEEEATING.
 14513 | Lair:3   | 14513 ||| RETREEEEATING.
 14514 | Lair:3   | 14514 ||| RETREEEEATING.
 14520 | Lair:3   | Received a gift from Okawaru
 14523 | Lair:3   | Reached skill level 12 in Ranged Weapons
 14529 | Lair:3   | Reached skill level 3 in Armour
 14692 | Lair:3   | 14692 ||| RETREEEEATING.
 14694 | Lair:3   | 14694 ||| RETREEEEATING.
 14695 | Lair:3   | 14695 ||| RETREEEEATING.
 14696 | Lair:3   | 14696 ||| RETREEEEATING.
 14697 | Lair:3   | 14697 ||| RETREEEEATING.
 14698 | Lair:3   | 14698 ||| RETREEEEATING.
 14709 | Lair:3   | 14709 ||| RETREEEEATING.
 14710 | Lair:3   | 14710 ||| RETREEEEATING.
 14711 | Lair:3   | 14711 ||| RETREEEEATING.
 14712 | Lair:3   | 14712 ||| RETREEEEATING.
 14713 | Lair:3   | 14713 ||| RETREEEEATING.
 14714 | Lair:3   | 14714 ||| RETREEEEATING.
 14715 | Lair:3   | 14715 ||| RETREEEEATING.
 14716 | Lair:3   | 14716 ||| RETREEEEATING.
 14717 | Lair:3   | 14717 ||| RETREEEEATING.
 14845 | Lair:3   | Identified the ring "Acarr" {*Slow Fly Str+6 Dex+3 SInv}
 14991 | Lair:3   | 14991 ||| RETREEEEATING.
 14992 | Lair:3   | 14992 ||| RETREEEEATING.
 14993 | Lair:3   | 14993 ||| RETREEEEATING.
 14994 | Lair:3   | 14994 ||| RETREEEEATING.
 14995 | Lair:3   | 14995 ||| RETREEEEATING.
 14996 | Lair:3   | 14996 ||| RETREEEEATING.
 14997 | Lair:3   | 14997 ||| RETREEEEATING.
 14998 | Lair:3   | 14998 ||| RETREEEEATING.
 14999 | Lair:3   | 14999 ||| RETREEEEATING.
 15005 | Lair:3   | 15005 ||| INVOKING Finesse.
 15248 | Lair:3   | Found a runed translucent gate.
 15303 | Lair:3   | Found a runed translucent gate.
 15303 | Lair:3   | Found a viscous altar of Jiyva.
 15303 | Lair:3   | Found a runed translucent gate.
 15303 | Lair:3   | Noticed qw's ghost (journeyman DjHu)
 15377 | Lair:3   | Noticed a five-headed hydra
 15378 | Lair:3   | 15378 ||| RETREEEEATING.
 15380 | Lair:3   | 15380 ||| ZAPPING wand of quicksilver (9) at -2,1
                  | (five-headed hydra; open_door).
 15381 | Lair:3   | 15381 ||| INVOKING Finesse.
 15389 | Lair:3   | Killed a five-headed hydra
 15554 | Lair:3   | 15554 ||| DROPPING ring of ice.
 15555 | Lair:3   | 15555 ||| UPGRADING to ring "Acarr" {*Slow Fly Str+6 Dex+3
                  | SInv}.
 15557 | Lair:3   | 15557 ||| UPGRADING to +2 helmet.
 15567 | Lair:3   | 15567 ||| DROPPING +6 ring of strength.
 15596 | Lair:4   | 15596 ||| STAIRDANCE
 15694 | Lair:4   | Found a staircase to the Slime Pits.
 15705 | Lair:4   | 15705 ||| INVOKING Finesse.
 15719 | Lair:4   | 15719 ||| RETREEEEATING.
 15721 | Lair:4   | 15721 ||| RETREEEEATING.
 15722 | Lair:4   | 15722 ||| RETREEEEATING.
 15723 | Lair:4   | 15723 ||| RETREEEEATING.
 15724 | Lair:4   | 15724 ||| RETREEEEATING.
 15725 | Lair:4   | 15725 ||| RETREEEEATING.
 15726 | Lair:4   | 15726 ||| RETREEEEATING.
 15727 | Lair:4   | 15727 ||| RETREEEEATING.
 15728 | Lair:4   | 15728 ||| RETREEEEATING.
 15729 | Lair:4   | 15729 ||| RETREEEEATING.
 15730 | Lair:4   | 15730 ||| RETREEEEATING.
 15731 | Lair:4   | 15731 ||| RETREEEEATING.
 15732 | Lair:4   | 15732 ||| RETREEEEATING.
 15733 | Lair:4   | 15733 ||| RETREEEEATING.
 15734 | Lair:4   | 15734 ||| RETREEEEATING.
 15735 | Lair:4   | 15735 ||| RETREEEEATING.
 15736 | Lair:4   | 15736 ||| RETREEEEATING.
 15737 | Lair:4   | 15737 ||| RETREEEEATING.
 15738 | Lair:4   | 15738 ||| RETREEEEATING.
 15739 | Lair:4   | 15739 ||| RETREEEEATING.
 15740 | Lair:4   | 15740 ||| RETREEEEATING.
 15741 | Lair:4   | 15741 ||| RETREEEEATING.
 15741 | Lair:4   | HP: 15/96 [cane toad (14)]
 15742 | Lair:4   | 15742 ||| READING 4 scrolls of teleportation.
 15743 | Lair:4   | 15743 ||| RETREEEEATING.
 15744 | Lair:4   | 15744 ||| RETREEEEATING.
 15745 | Lair:4   | 15745 ||| RETREEEEATING.
 15746 | Lair:4   | 15746 ||| RETREEEEATING.
 15747 | Lair:4   | 15747 ||| RETREEEEATING.
 15832 | Lair:4   | HP: 19/96 [elephant (10)]
 15833 | Lair:4   | 15833 ||| READING 3 scrolls of teleportation.
 15833 | Lair:4   | HP: 8/96 [elephant (11)]
 15836 | Lair:4   | Slain by an elephant

Levels and vault maps discovered:
D:1:      sevenhm_arrival_forest_fort_small_3, layout_loops_cross
D:2:      minmay_angry_zag, layout_basic, basic_altar, minmay_split_cup_large
D:3:      layout_rooms, trog_book, gammafunk_ghost_nasty_kobolds,
          hellmonk_ecumenical_altar_pennies_from_heaven, hangedman_decor_points,
          uniq_sigmund, uniq_ijyb, uniq_grinder
D:4:      layout_basic, general_overflow_altar, serial_shops, shop,
          ebering_ghost_sewer_f, serial_bayou_pond_a, uniq_robin
D:5:      layout_cave_pods, minmay_temple_entry_drinking_statues,
          ebering_ghost_sewer_d, minmay_misc_feat_rugged, uniq_duvessa,
          uniq_blork_the_orc
D:6:      layout_basic, kb_xom_exploding_sheep, cheibrodos_sewer_entry_bend
D:7:      layout_basic, nicolae_overflow_crystal_walls, vehumet_crystals,
          old_standard_altar, serial_shops, shop, minmay_three_doors,
          uniq_joseph
D:8:      black_bear_nest_1, layout_basic, grunt_gozag_statues
D:9:      layout_loops_ring, hiddenorc2_lemuel, minmay_protected_statue
D:10:     layout_long_grid, nemelex_diamond_rough_becter, minivault_16,
          nicolae_straight_to_the_point
D:11:     gammafunk_cloud_chamber, layout_basic, david_lair_shrubbed,
          serial_shops, shop, nicolae_looking_at_the_future
Lair:1:   minmay_lair_oklob_tunnel, layout_loops_ring, minivault_25,
          dreamdust_gnoll_shepherd, lemuel_fruit_tree
Lair:2:   layout_cave_pods, mainiacjoe_swamp_entry_angry_trees,
          hellmonk_spider_entry_not_the_bees, grunt_megastairs_3, uniq_fannar
Lair:3:   layout_gridlike, gammafunk_ghost_ooze, grunt_forest_large_clearing_hut
Lair:4:   layout_cave_shapes, nicolae_slime_entry_field_trip, serial_bayou,
          serial_bayou_lagoon_a, serial_bayou_lake_a, serial_bayou_shore_b,
          serial_bayou_shore_a, minivault_24

Skill      XL: |  1  2  3  4  5  6  7  8  9 10 11 12 13 |
---------------+----------------------------------------+-----
Ranged Weapons | 4 5 6 8 9 10 11 12 | 12.3
Armour         | 2 3 |  3.2
Fighting       | 3 4 6 7 8 9 10 | 10.0
Dodging        | 4 5 6 8 9 10 11 | 11.9
Invocations    | 1 4 5 8 10 | 10.1
Stealth        | |  0.7

Action                     |  1- 3 |  4- 6 |  7- 9 | 10-12 | 13-15 || total
---------------------------+-------+-------+-------+-------+-------++-------
   Fire: Shortbow          |    61 |    96 |   456 |   280 |       ||   893
         Orcbow            |       |       |       |   544 |   318 ||   862
 Invoke: Heroism           |       |       |     3 |     3 |       ||     6
         Finesse           |       |       |       |     8 |     4 ||    12
  Evoke: Wand              |       |       |    14 |     1 |     1 ||    16
    Use: Scroll            |     4 |     8 |    13 |     7 |     3 ||    35
         Potion            |       |     2 |     5 |     3 |       ||    10
 Armour: Leather armour    |     7 |       |       |   160 |    84 ||   251
         Ring mail         |     6 |    25 |     2 |       |       ||    33
         Robe              |       |       |   177 |    40 |       ||   217
  Dodge: Dodged            |    14 |    16 |   219 |   390 |   203 ||   842
  Block: Other             |       |       |       |    72 |    44 ||   116
         Reflection        |       |       |       |     5 |       ||     5

Table legend:
 A = Non-vault XP
 B = Vault XP
 C = Vault XP percentage of total XP
 D = Non-vault monster count
 E = Vault monster count
 F = Vault count percentage of total count
                 A         B        C        D         E       F
            +---------+---------+-------+---------+---------+-------
      Total |   29375 |   12554 |  29.9 |     293 |     112 |  27.7
            +---------+---------+-------+---------+---------+-------
        D:1 |      22 |       0 |   0.0 |      14 |       0 |   0.0
        D:2 |     134 |      16 |  10.7 |      18 |       9 |  33.3
        D:3 |      87 |     548 |  86.3 |      18 |       3 |  14.3
        D:4 |     402 |      34 |   7.8 |      25 |      11 |  30.6
        D:5 |     274 |     295 |  51.8 |      12 |       3 |  20.0
        D:6 |     847 |       5 |   0.6 |      28 |       1 |   3.4
        D:7 |    1492 |    1525 |  50.5 |      16 |       4 |  20.0
        D:8 |    1789 |     131 |   6.8 |      26 |       1 |   3.7
        D:9 |    1619 |     334 |  17.1 |      17 |      31 |  64.6
       D:10 |    2221 |     481 |  17.8 |      29 |       1 |   3.3
       D:11 |    2369 |    1278 |  35.0 |      15 |      12 |  44.4
     Lair:1 |    4115 |     840 |  17.0 |      16 |       4 |  20.0
     Lair:2 |    3231 |    5144 |  61.4 |      10 |      19 |  65.5
     Lair:3 |    7275 |    1582 |  17.9 |      39 |       3 |   7.1
     Lair:4 |    3498 |      88 |   2.5 |      10 |       2 |  16.7
      Sewer |       0 |     253 | 100.0 |       0 |       8 | 100.0
            +---------+---------+-------+---------+---------+-------
